 Dungeon Crawl Stone Soup version bcrawl-1.13.1 (webtiles) character file.

Game seed: 15707446457681510115

87 Revguard the Ducker (level 4, -1/35 HPs)
             Began as a Demigod Archaeologist on Aug 6, 2019.
             Slain by a gnoll (6 damage)
             ... on level 2 of the Dungeon.
             The game lasted 00:07:04 (2371 turns).

Revguard the Ducker (Demigod Archaeologist)         Turns: 2371, Time: 00:07:05

Health: -1/35      AC:  6    Str: 14 (15) XL:     4   Next: 28%
Magic:  7/7        EV: 19    Int: 17 (18) God:    Demigod [*.....]
Gold:   119        SH:  0    Dex: 21 (22) Spells: 3/3 levels left

rFire    . . .     SeeInvis .   h - +1 dagger (speed)
rCold    . . .     Gourm    .   (no shield)
rNeg     . . .     Faith    .   b - +1 robe
rPois    .         Spirit   .   c - +1 hat
rElec    .         Reflect  .   (no cloak)
rCorr    .         Harm     .   (no gloves)
MR       .....                  d - +1 pair of boots
Stlth    ++++......             (no amulet)
HPRegen  0.11/turn              (no ring)
MPRegen  0.10/turn              (no ring)

@: agile, studying Armour
A: high mp 1
a: Temporal Distortion


You were on level 2 of the Dungeon.
You worshipped Demigod.
Demigod was aware of your devotion.
You were not hungry.

You visited 1 branch of the dungeon, and saw 3 of its levels.

You collected 119 gold pieces.

Inventory:

Hand Weapons
 a - a +0 whip
 h - a +1 dagger of speed (weapon)
 q - a +0 spear
 r - a +0 hand axe
Armour
 b - a +1 robe (worn)
 c - a +1 hat (worn)
 d - a +1 pair of boots (worn)
Scrolls
 j - a scroll of amnesia {unknown}
 k - a scroll of enchant armour {unknown}
 l - 2 scrolls of identify {unknown}
 m - a scroll of remove curse
 n - a scroll of fear {unknown}
 p - 2 scrolls of teleportation {unknown}
Books
 e - a manual of Armour
Miscellaneous
 f - an ancient crate
Comestibles
 g - 3 rations {!d}


   Skills:
 + Level 1.5 Fighting
 - Level 0.1(1.0) Axes
 - Level 1.5(1.6) Maces & Flails
 - Level 0.1 Polearms
 * Level 1.6 Armour
 + Level 3.6 Dodging
 - Level 3.0 Stealth
 * Level 1.3 Invocations


You had 3 spell levels left.
You didn't know any spells.
Your spell library was empty.

Dungeon Overview and Level Annotations

Branches:
Dungeon (3/12)

Annotations:
D:3 Sigmund


Innate Abilities, Weirdness & Mutations

You have an increased reservoir of magic. (+10% MP)


Message History

The gnoll misses you.
You hit the gnoll but do no damage.
The gnoll is moderately wounded.
The gnoll misses you.
There is a stone staircase leading up here.
You can't go down here!
The gnoll barely misses you.
You climb upwards.
There is a stone staircase leading down here.
You hit the gnoll but do no damage.
The gnoll is moderately wounded.
The gnoll hits you.
* * * LOW HITPOINT WARNING * * *
You hit the gnoll.
The gnoll is moderately wounded.
You hit the gnoll but do no damage.
The gnoll is moderately wounded.
The gnoll hits you.
You die...
Your divinity fades.

......#.[...###.....###.#.##.##..
......##..÷..###.....####........
......###.÷...###.....###..#..###
......#####'#######'####...##(##
.####.......................[..##
..........###.....####...#.##5...
##..###.### #..>..# ##..!#.##....
#>...#.#####..g..###....#.......
#.##...##......@.##.....###.....
##.###.......#...........# ##....
...............###...#...# #....
.....#.......###...###...# #....
.<..##.......#...#...##.## #....
..####.........)..##.##.#####....
................#..........##....
.(...........##..#.........##.###
.......###..####.#.........##.###


You could see a gnoll.

Vanquished Creatures
  Terence (D:2)
  A gnoll (D:3)
  2 worms
  3 leopard geckos
  An orc (D:2)
  4 giant cockroaches
  6 goblins
  6 hobgoblins
  4 bats
  3 frilled lizards
  7 kobolds
  5 rats
43 creatures vanquished.

Notes
Turn   | Place    | Note
-------+----------+-------------------------------------------
     0 | D:1      | Revguard the Demigod Archaeologist began the quest for the
                  | Orb.
     0 | D:1      | Reached XP level 1. HP: 15/15 MP: 3/3
    64 | D:1      | Reached skill level 1 in Fighting
   282 | D:1      | Reached XP level 2. HP: 21/23 MP: 4/4
   316 | D:1      | Reached skill level 1 in Maces & Flails
   817 | D:2      | Reached * piety under Demigod
   826 | D:2      | Found an opulent altar of Gozag.
   907 | D:2      | Noticed Terence
   929 | D:2      | Reached XP level 3. HP: 16/28 MP: 5/5
  1160 | D:2      | Killed Terence
  1160 | D:2      | Reached skill level 1 in Armour
  1160 | D:2      | Reached skill level 1 in Invocations
  1804 | D:2      | Reached XP level 4. HP: 33/35 MP: 7/7
  2267 | D:3      | Found a shattered altar of Ashenzari.
  2267 | D:3      | Found a glowing golden altar of the Shining One.
  2319 | D:3      | Noticed Sigmund
  2371 | D:2      | Slain by a gnoll

Skill      XL: |  1  2  3 |
---------------+----------+-----
Fighting       | 1 |  1.5
Dodging        | 3 |  3.6
Maces & Flails | 1 |  1.5
Armour         | 1 |  1.6
Invocations    | 1 |  1.3
Axes           | |  0.1
Polearms       | |  0.1
Stealth        | |  3.0

Action                   |  1- 3 |  4- 6 || total
-------------------------+-------+-------++-------
Melee: Whip              |   235 |       ||   235
       Spear             |    49 |       ||    49
       Hand axe          |    40 |     5 ||    45
       Dagger            |       |    52 ||    52
  Use: Potion            |     2 |     1 ||     3
       Scroll            |       |     1 ||     1
 Stab: Sleeping          |     5 |     3 ||     8
  Eat: Chunk             |     1 |     1 ||     2
       Ration            |     1 |       ||     1
Armor: Robe              |   120 |     4 ||   124
Dodge: Dodged            |   225 |    22 ||   247
